 Dungeon Crawl Stone Soup version 0.26.1-11-gd32895ea62 (webtiles) character file.

Game seed: 9787437649412674019

228 Almogavar the Protected (level 6, -3/47 HPs)
             Began as a Gnoll Wanderer on June 8, 2021.
             Slain by an ogre
             ... wielding a +0 giant club
              (18 damage)
             ... on level 4 of the Dungeon.
             The game lasted 00:07:36 (2491 turns).

Almogavar the Protected (Gnoll Wanderer)            Turns: 2491, Time: 00:07:37

Health: -3/47      AC:  8    Str: 18    XL:     6   Next: 2%
Magic:  8/8        EV: 11    Int: 12    God:
Gold:   162        SH:  0    Dex: 15    Spells: 8/8 levels left

rFire    . . .     SeeInvis .   a - +3 dagger
rCold    . . .     Faith    .   (no shield)
rNeg     . . .     Spirit   .   c - +0 ring mail
rPois    .         Reflect  .   (no helmet)
rElec    .         Harm     .   (no cloak)
rCorr    .         Rampage  .   i - +0 pair of gloves
Will     .....                  (no boots)
Stlth    ++........             (no amulet)
HPRegen  0.15/turn              (no ring)
MPRegen  0.11/turn              (no ring)

@: no status effects
A: distributed training, fangs 1, strong nose
a: no special abilities


You were on level 4 of the Dungeon.
You visited 1 branch of the dungeon, and saw 4 of its levels.

You collected 162 gold pieces.

Inventory:

Hand Weapons
 a - a +3 dagger (weapon)
 d - a +0 mace
Missiles
 k - 16 poisoned darts (quivered)
 m - 19 bolts
 p - 28 arrows
 r - 3 atropa-tipped darts
Armour
 c - a +0 ring mail (worn)
 i - a +0 pair of gloves (worn)
Wands
 e - a wand of disintegration (4)
Scrolls
 b - a scroll of fear
 f - a scroll of amnesia
 g - 3 scrolls of remove curse
Potions
 h - 2 potions of curing
 j - 2 potions of brilliance {unknown}
 o - 2 potions of degeneration {unknown}
 q - a potion of mutation {unknown}


   Skills:
 + Level 3.1 Fighting
 + Level 1.7 Short Blades
 + Level 1.7 Long Blades
 + Level 1.7 Axes
 + Level 4.9 Maces & Flails
 + Level 1.7 Polearms
 + Level 1.7 Staves
 + Level 1.7 Slings
 + Level 3.1 Bows
 + Level 1.7 Crossbows
 + Level 1.7 Throwing
 + Level 8.7 Armour
 + Level 1.7 Dodging
 + Level 4.5 Stealth
 + Level 1.7 Shields
 + Level 1.7 Unarmed Combat
 + Level 1.7 Spellcasting
 + Level 1.3 Conjurations
 + Level 1.3 Hexes
 + Level 1.3 Summonings
 + Level 1.3 Necromancy
 + Level 1.3 Translocations
 + Level 1.3 Transmutations
 + Level 1.3 Fire Magic
 + Level 1.3 Ice Magic
 + Level 1.3 Air Magic
 + Level 1.3 Earth Magic
 + Level 1.3 Poison Magic
 + Level 2.0 Invocations
 + Level 1.7 Evocations


You had 8 spell levels left.
You didn't know any spells.
Your spell library was empty.

Dungeon Overview and Level Annotations

Branches:
Dungeon (3/15)

Altars:
Fedhas


Innate Abilities, Weirdness & Mutations

Your experience applies equally to all skills.
You have very sharp teeth.
Your uncanny sense of smell can sniff out nearby items.


Message History

You hit the orc.
You kill the orc!
You hit the ogre.
The ogre is lightly wounded.
The ogre barely misses you.
You hit the ogre.
The ogre is moderately wounded.
You hit the ogre. You bite the ogre.
The ogre is heavily wounded.
The ogre closely misses you.
You hit the ogre but do no damage. Your bite misses the ogre.
The ogre is heavily wounded.
The orc wizard gestures wildly while chanting.
The orc wizard blinks!
The ogre completely misses you.
You barely miss the ogre. Your bite misses the ogre.
The ogre is moderately wounded.
You hit the ogre.
The ogre is heavily wounded.
The ogre hits you with a +0 giant club!!
You die...

#..##...#
∆
#..#...##
#...o.#
##ol.##


#Ooo# ##h## #.# ###o## #@Oo.# ###### You could see an ogre, an orc wizard and an
orc.

Vanquished Creatures
  A howler monkey (D:4)
  2 hounds (D:4)
  5 adders (D:2)
  A worm (D:3)
  8 dart slugs
  A leopard gecko (D:4)
  4 orcs (D:4)
  A ball python (D:3)
  8 bats
  A giant cockroach (D:1)
  5 goblins
  8 hobgoblins
  4 jackals (D:3)
  4 frilled lizards
  5 kobolds
  7 rats
65 creatures vanquished.

Notes
Turn   | Place    | Note
-------+----------+-------------------------------------------
     0 | D:1      | Almogavar the Gnoll Wanderer began the quest for the Orb.
     0 | D:1      | Almogavar set off with the following items: a +2 dagger, a
                  | scroll of fear, a +0 ring mail, a +0 mace
     0 | D:1      | Reached XP level 1. HP: 17/17 MP: 1/1
   143 | D:1      | Reached XP level 2. HP: 20/23 MP: 2/2
   525 | D:1      | Reached XP level 3. HP: 28/28 MP: 3/3
   789 | D:2      | Reached skill level 1 in Invocations
   804 | D:2      | Reached skill level 1 in Short Blades
   804 | D:2      | Reached skill level 1 in Long Blades
   804 | D:2      | Reached skill level 1 in Axes
   804 | D:2      | Reached skill level 1 in Polearms
   804 | D:2      | Reached skill level 1 in Staves
   804 | D:2      | Reached skill level 1 in Slings
   804 | D:2      | Reached skill level 1 in Crossbows
   804 | D:2      | Reached skill level 1 in Throwing
   804 | D:2      | Reached skill level 1 in Dodging
   804 | D:2      | Reached skill level 1 in Shields
   804 | D:2      | Reached skill level 1 in Unarmed Combat
   804 | D:2      | Reached skill level 1 in Spellcasting
   804 | D:2      | Reached skill level 1 in Evocations
  1098 | D:2      | Reached XP level 4. HP: 34/34 MP: 5/5
  1426 | D:2      | Reached skill level 1 in Conjurations
  1426 | D:2      | Reached skill level 1 in Hexes
  1426 | D:2      | Reached skill level 1 in Summonings
  1426 | D:2      | Reached skill level 1 in Necromancy
  1426 | D:2      | Reached skill level 1 in Translocations
  1426 | D:2      | Reached skill level 1 in Transmutations
  1426 | D:2      | Reached skill level 1 in Fire Magic
  1426 | D:2      | Reached skill level 1 in Ice Magic
  1426 | D:2      | Reached skill level 1 in Air Magic
  1426 | D:2      | Reached skill level 1 in Earth Magic
  1426 | D:2      | Reached skill level 1 in Poison Magic
  2117 | D:3      | Reached XP level 5. HP: 37/40 MP: 6/6
  2190 | D:3      | You fall into a shaft and drop 1 floor!
  2428 | D:4      | Found a blossoming altar of Fedhas.
  2456 | D:4      | Noticed an ogre
  2484 | D:4      | Reached XP level 6. HP: 14/47 MP: 8/8
  2491 | D:4      | Slain by an ogre

Illustrated notes

Levels and vault maps discovered:
D:1:      heliophobic_arrival_dark_side_of_the_moon, layout_rooms,
          kennysheep_crisscross, st_stairs_5
D:2:      layout_loops_cross
D:3:      kennysheep_slugbush, layout_basic, bloody_trog, zin_treasury,
          chequers_temple_overflow_statue_of_worship,
          minmay_misc_feat_nine_boxes, uniq_sigmund
D:4:      layout_cave_pods, fedhas_ov_isle_minmay, uniq_robin

Skill      XL: |  1  2  3  4  5 |
---------------+----------------+-----
Invocations    | 1 2 |  2.0
Short Blades   | 1 |  1.7
Long Blades    | 1 |  1.7
Axes           | 1 |  1.7
Polearms       | 1 |  1.7
Staves         | 1 |  1.7
Slings         | 1 |  1.7
Crossbows      | 1 |  1.7
Throwing       | 1 |  1.7
Dodging        | 1 |  1.7
Shields        | 1 |  1.7
Unarmed Combat | 1 |  1.7
Spellcasting   | 1 |  1.7
Evocations     | 1 |  1.7
Conjurations   | 1 |  1.3
Hexes          | 1 |  1.3
Summonings     | 1 |  1.3
Necromancy     | 1 |  1.3
Translocations | 1 |  1.3
Transmutations | 1 |  1.3
Fire Magic     | 1 |  1.3
Ice Magic      | 1 |  1.3
Air Magic      | 1 |  1.3
Earth Magic    | 1 |  1.3
Poison Magic   | 1 |  1.3
Fighting       | 3 |  3.1
Bows           | 3 |  3.1
Maces & Flails | |  4.9
Armour         | |  8.7
Stealth        | |  4.5

Action                   |  1- 3 |  4- 6 || total
-------------------------+-------+-------++-------
Melee: Dagger            |   103 |   140 ||   243
       Bite              |    13 |    13 ||    26
  Use: Scroll            |     3 |     4 ||     7
 Stab: Sleeping          |     4 |     3 ||     7
       Distracted        |     1 |       ||     1
Armor: Ring mail         |    40 |    68 ||   108
Dodge: Dodged            |    47 |   113 ||   160
